 Dungeon Crawl Stone Soup version 0.27-a0-1595-g0b823d0a13 (webtiles) character file.

Game seed: 2537664132315094014

27 gruber the Shield-Bearer (level 3, 35/35 HPs)
             Began as a Gnoll Fighter on July 20, 2021.
             Quit the game on level 1 of the Dungeon.
             The game lasted 00:00:25 (951 turns).

gruber the Shield-Bearer (Gnoll Fighter)             Turns: 951, Time: 00:00:25

Health: 35/35      AC:  7    Str: 15    XL:     3   Next: 10%
Magic:  3/3        EV:  7    Int:  8    God:
Gold:   38         SH: 10    Dex: 11    Spells: 3/3 levels left

rFire    . . .     SeeInvis .   a - +0 long sword
rCold    . . .     Faith    .   c - +0 kite shield
rNeg     . . .     Spirit   .   b - +0 scale mail
rPois    .         Reflect  .   (no helmet)
rElec    .         Harm     .   (no cloak)
rCorr    .         Rampage  .   (no gloves)
Will     .....                  (no boots)
Stlth    ..........             (no amulet)
HPRegen  0.11/turn              (no ring)
MPRegen  0.08/turn              (no ring)

@: no status effects
A: fangs 1, strong nose, distributed training
a: no special abilities


You were on level 1 of the Dungeon.
You visited 1 branch of the dungeon, and saw 1 of its levels.

You collected 38 gold pieces.

Inventory:

Hand Weapons
 a - a +0 long sword (weapon)
Armour
 b - a +0 scale mail (worn)
 c - a +0 kite shield (worn)
Jewellery
 f - a ring of poison resistance
Potions
 d - a potion of might
 e - a potion of heal wounds {unknown}
 g - a potion of attraction {unknown}


   Skills:
 + Level 6.5 Fighting
 + Level 0.6 Short Blades
 + Level 4.5 Long Blades
 + Level 0.6 Axes
 + Level 0.6 Maces & Flails
 + Level 0.6 Polearms
 + Level 0.6 Staves
 + Level 0.6 Slings
 + Level 0.6 Bows
 + Level 0.6 Crossbows
 + Level 0.6 Throwing
 + Level 6.5 Armour
 + Level 0.6 Dodging
 + Level 0.6 Stealth
 + Level 6.5 Shields
 + Level 0.6 Unarmed Combat
 + Level 0.6 Spellcasting
 + Level 0.4 Conjurations
 + Level 0.4 Hexes
 + Level 0.4 Summonings
 + Level 0.4 Necromancy
 + Level 0.4 Translocations
 + Level 0.4 Transmutations
 + Level 0.4 Fire Magic
 + Level 0.4 Ice Magic
 + Level 0.4 Air Magic
 + Level 0.4 Earth Magic
 + Level 0.4 Poison Magic
 + Level 0.8 Invocations
 + Level 0.6 Evocations


You had 3 spell levels left.
You didn't know any spells.
Your spell library contained the following spells:

 Spells                   Type           Power      Damage    Failure   Level
 Dazzling Flash           Conj/Hex       2%         N/A       100%        3
 Iskenderun's Mystic Bla  Conj/Tloc      1%         2d3       100%        4
 Starburst                Conj/Fire      0%         8x6d3     100%        6


Dungeon Overview and Level Annotations

Branches:
Dungeon (1/15)

Altars:


Innate Abilities, Weirdness & Mutations

You have very sharp teeth.
Your uncanny sense of smell can sniff out nearby items.
Your experience applies equally to all skills.


Message History

A quokka is nearby!
A quokka is nearby!
A quokka is nearby!
You hit the quokka.
The quokka is moderately wounded.
The quokka bites you but does no damage.
You hit the quokka. You bite the quokka.
The quokka is severely wounded.
You block the quokka's attack. The quokka closely misses you.
A quokka is nearby!
You closely miss the quokka.
The quokka is severely wounded.
You block the quokka's attack.
A quokka is nearby!
You closely miss the quokka.
The quokka is severely wounded.
The quokka bites you but does no damage.
The quokka barely misses you.
A quokka is nearby!
You slash the quokka!
You kill the quokka!
You see here a quokka corpse.
You open the door.
There is an open door here.
You see here a +0 whip.
Key pressed, stopping explore.
No target in view!
Key pressed, stopping explore.
No target in view!
Done exploring.
No target in view!
Done exploring.
No target in view!
Done exploring.
No target in view!
Done exploring.
No target in view!
Done exploring.
Done exploring.
Are you sure you want to abandon this character and quit the game? (Confirm with "yes".)

#.....#.##..#..#..........##.
#............................
#....##.##..#.##.............
#....##...........##...#...##
#....##....................#
#....#####..#.##..##...#...#
#....# #..#.##.###...#...#
###### #..#.##.# #...#...#
#..@....###...#...#
##.#..........#...#
#.########.#.#.#.## #.#
#.........
#.########.#.#.#.##
#..........###.#.#
############ #.### #.# ###


There were no monsters in sight!

Vanquished Creatures
  A gnoll (D:1)
  A dart slug (D:1)
  4 bats (D:1)
  2 endoplasms (D:1)
  A kobold (D:1)
  A quokka (D:1)
  A ball python (D:1)
  2 goblins (D:1)
  2 rats (D:1)
15 creatures vanquished.

Notes
Turn   | Place    | Note
-------+----------+-------------------------------------------
     0 | D:1      | gruber the Gnoll Fighter began the quest for the Orb.
     0 | D:1      | Reached XP level 1. HP: 23/23 MP: 1/1
   160 | D:1      | Reached XP level 2. HP: 21/29 MP: 2/2
   676 | D:1      | Reached XP level 3. HP: 34/35 MP: 3/3
   951 | D:1      | Quit the game

Illustrated notes

Levels and vault maps discovered:
D:1:      dpeg_arrival_water_temple_mockup, layout_basic,
          kennysheep_minor_cross, serial_park_tiny_1

Action                   || total
-------------------------++-------
Melee: Long sword        ||    50
       Bite              ||     6
Armor: Scale mail        ||    29
Dodge: Dodged            ||    21
Block: Kite shield       ||    30
       Rpst.: Long sword ||     5

Table legend: (Time is in decaauts)
 A = Elapsed time spent in this place.
 B = Non-inter-level travel time spent in this place.
 C = Inter-level travel time spent in this place.
 D = Time resting spent in this place.
 E = Time spent auto-exploring this place.
 F = Levels seen in this place.
 G = Mean time per level.
                   A        B        C        D        E       F      G
               +--------+--------+--------+--------+--------+-----+--------+
         Total |    973 |    973 |      0 |      0 |    854 |   1 |  973.0 |
       Dungeon |    973 |    973 |      0 |      0 |    854 |   1 |  973.0 |
               +--------+--------+--------+--------+--------+-----+--------+

Top non-repeatable levels by time:
     D:1: 973 daAuts
